 Dungeon Crawl Stone Soup version 0.17-a0-1719-g1afd5a1 (webtiles) character file.

129 kae the Slasher (level 4, -1/58 HPs)
             Began as a Minotaur Fighter on Aug 27, 2015.
             Killed from afar by an orc wizard (7 damage)
             ... with a puff of flame
             ... on level 3 of the Dungeon.
             The game lasted 00:02:23 (1867 turns).

kae the Slasher (Minotaur Fighter)                  Turns: 1867, Time: 00:02:24

Health: -1/58      AC: 22    Str: 21    XL:     4   Next: 88%
Magic:  3/3        EV:  2    Int: 11    God:
Gold:   98         SH:  9    Dex:  9    Spells: 0 memorised, 3 levels left

rFire  . . .     SeeInvis .     a - +0 long sword
rCold  . . .     Clarity  .     (armour currently unavailable)
rNeg   + + +     SustAt   .     c - +0 shield
rPois  +         Gourm    .     (helmet currently unavailable)
rElec  .         Spirit   .     (cloak currently unavailable)
rCorr  .         Warding  .     (gloves currently unavailable)
rMut   .         NoTele   +     (boots currently unavailable)
MR     .....                    (no amulet)
Stlth  +.........               (no ring)
                                (no ring)

@: brilliant, tree-form (expiring), not resistant to hostile enchantments, very
unstealthy
A: (retaliatory headbutt), (horns 0)
a: no special abilities


You were on level 3 of the Dungeon.
You were very hungry.
You were a tree.
You visited 1 branch of the dungeon, and saw 3 of its levels.

You collected 98 gold pieces.

Inventory:

Hand weapons
 a - a +0 long sword (weapon)
Armour
 b - a +0 scale mail (melded)
 c - a +0 shield (worn)
Magical devices
 m - a wand of magic darts (40)
Scrolls
 f - a scroll of remove curse {unknown}
 g - a scroll of amnesia {unknown}
 i - 3 scrolls of identify {unknown}
 l - a scroll of enchant armour {unknown}
 n - a scroll of teleportation {unknown}
 p - a scroll of random uselessness {unknown}
Potions
 d - a potion of might
 k - a potion of lignification
Comestibles
 e - a bread ration
 j - 4 fruits
 o - a beef jerky
 q - a royal jelly


   Skills:
 - Level 3.6 Fighting
 + Level 6.2 Long Blades
 - Level 3.6 Armour
 - Level 3.6 Shields


You had 3 spell levels left.
You didn't know any spells.

Dungeon Overview and Level Annotations

Branches:
Dungeon (3/15)

Altars:
Ashenzari
Cheibriados
Gozag
Kikubaaqudgha


Innate Abilities, Weirdness & Mutations

((You reflexively headbutt those who attack you in melee.))
((You have a pair of horns on your head.))


Message History

The hobgoblin hits you but does no damage.
The orc wizard points at you and mumbles some strange words.
The puff of frost hits you!
* * * LOW HITPOINT WARNING * * *
You hit the orc wizard.
The orc wizard is severely wounded.
The orc wizard gestures wildly while chanting.
The orc wizard flickers and vanishes!
Deactivating autopickup; reactivate with Ctrl-A.
You block the hobgoblin's attack. Something hits you but does no damage.
You barely miss something. Something hits you but does no damage.
You block the hobgoblin's attack. Something hits you but does no damage.
You miss something. Something hits you but does no damage.
The hobgoblin hits you but does no damage.
Something hits you but does no damage.
You hit something but do no damage.
You hear some strange, mumbled words.
A puff of flame appears from out of thin air!
The puff of flame hits you!
You die...

...##...............###
....'.................
.#..#...............#.
......#.............?.
#.....#.######...###.#
#.....#..# +...#
#..[#.##.# #...#
##..#....# #...#
......##. ###♣#
##.....# #...g{#
#.#.......#.##.o.
#.#.#.#### .....
##.#..... #..#.#.
...######## #.# .#..
.#......... .. .# ..
.#.#######. #.. ## ..
.#.######


You could see an orc and a hobgoblin.

Vanquished Creatures
  An orc priest (D:3)
  3 adders (D:2)
  An ooze (D:1)
  2 worms (D:2)
  2 orcs (D:3)
  2 giant cockroaches (D:1)
  8 goblins
  4 hobgoblins
  3 quokkas (D:2)
  5 bats
  A giant newt (D:2)
  14 jackals
  A kobold (D:1)
  17 rats
64 creatures vanquished.

Notes
Turn   | Place    | Note
--------------------------------------------------------------
     0 | D:1      | kae the Minotaur Fighter began the quest for the Orb.
     0 | D:1      | Reached XP level 1. HP: 19/19 MP: 0/0
    27 | D:1      | Reached XP level 2. HP: 19/26 MP: 1/1
   382 | D:1      | Reached skill level 4 in Long Blades
   439 | D:1      | Reached XP level 3. HP: 31/31 MP: 2/2
   908 | D:2      | Found an ancient bone altar of Kikubaaqudgha.
   936 | D:2      | Reached skill level 5 in Long Blades
  1137 | D:2      | Reached XP level 4. HP: 39/39 MP: 3/3
  1401 | D:2      | Found a snail-covered altar of Cheibriados.
  1713 | D:2      | Found an opulent altar of Gozag.
  1713 | D:2      | Found a shattered altar of Ashenzari.
  1852 | D:3      | Reached skill level 6 in Long Blades
  1867 | D:3      | Killed from afar by an orc wizard

Vault maps used:
D:1:      erik_arrival_orb_chamber
D:2:      nicolae_overflow_crystal_walls, amethyst_overflow_temple_binary,
          cheibriados_altar_1
D:3:      old_standard_altar, bloody_makhleb, first_bread, grunt_ministairs_7,
          uniq_crazy_yiuf_cottage

Action                   |  1- 3 |  4- 6 || total
-------------------------+-------+-------++-------
Melee: Long sword        |   104 |    58 ||   162
  Use: Potion            |       |     3 ||     3
  Eat: Chunk             |       |     2 ||     2
